Map: Triton LE

Players

ShoWTimE - Winner!

  • Race: Protoss Protoss
  • Spawn Location: 11:00

SKillous

  • Race: Protoss Protoss
  • Spawn Location: 5:00

VOD

Have the link to the VOD?

Description

Time

  • Played on: Sept. 6, 2019, 6:36 p.m.
  • Length: 5:27
Show
View Real Time Build Order
Export as new Build Order

ShoWTimE Protoss - Winner!

Build Orders: Phoenix Opening 

Get SALT Encoding   

  12  0:00  Probe  
  13  0:12  Probe  
  14  0:16  Pylon  
  14  0:23  Probe  
  15  0:31  Probe  
  15  0:36  Gateway  
  15  0:40  Probe  
  16  0:45  Assimilator  
  17  0:51  Probe  
  17  0:54  Assimilator  
  18  0:59  Probe  
  19  1:07  Probe  
  19  1:10  Gateway  
  19  1:17  Probe  
  20  1:23  Cybernetics Core  
  21  1:29  Probe  
  22  1:35  Pylon  
  22  1:41  Probe  
  23  1:53  Probe  
  24  1:59  Stalker  
  24  2:00  Sentry  
  24  2:01  Warp Gate  
  28  2:06  Probe  
  29  2:12  Pylon  
  31  2:31  Stalker  
  31  2:34  Phoenix  
  31  2:38  Stargate  
  30  2:53  Nexus  
  30  3:01  Stalker  
  32  3:09  Shield Battery  
  32  3:14  Shield Battery  
  32  3:20  Probe, Phoenix  
  33  3:32  Probe  
  35  3:34  Pylon  
  35  3:42  Phoenix  
  35  3:44  Probe  
  38  3:56  Probe  
  38  4:01  Probe  
  39  4:04  Probe  
  39  4:06  Phoenix  
  43  4:12  Twilight Council  
  43  4:13  Probe  
  43  4:14  Probe  
  44  4:23  Phoenix  
  45  4:24  Probe  
  45  4:26  Probe  
  47  4:36  Stalker  
  51  4:41  Shield Battery  
  51  4:47  Stalker  
  51  4:48  Probe  
  51  4:50  Probe  
  53  5:00  Probe  
  53  5:02  Probe, Robotics Facility  
  55  5:12  Probe  
  56  5:14  Probe  
  57  5:25  Assimilator  
Show
View Real Time Build Order
Export as new Build Order

SKillous Protoss 

Build Orders: Phoenix Opening 

Get SALT Encoding   

  12  0:00  Probe  
  13  0:13  Probe  
  14  0:17  Pylon  
  14  0:25  Probe  
  15  0:33  Probe  
  15  0:35  Gateway  
  15  0:41  Probe  
  16  0:46  Assimilator  
  17  0:51  Probe  
  17  0:54  Assimilator  
  18  0:59  Probe  
  19  1:07  Gateway  
  19  1:08  Probe  
  19  1:17  Probe  
  20  1:24  Cybernetics Core  
  21  1:29  Probe  
  22  1:35  Pylon  
  22  1:41  Probe  
  23  1:54  Probe  
  24  2:01  Adept x2  
  24  2:03  Warp Gate  
  28  2:28  Stargate  
  28  2:33  Pylon  
  28  2:42  Nexus  
  28  2:46  Probe  
  29  2:51  Stalker  
  32  3:00  Stalker  
  32  3:03  Probe  
  32  3:05  Phoenix  
  36  3:15  Probe  
  37  3:26  Pylon  
  37  3:27  Probe  
  38  3:36  Phoenix  
  38  3:39  Probe  
  41  3:51  Probe x2  
  43  3:59  Stalker  
  43  4:00  Phoenix  
  43  4:01  Stalker  
  47  4:07  Probe  
  47  4:08  Probe  
  51  4:20  Phoenix  
  53  4:27  Stalker x2  
  57  4:34  Probe  
  57  4:35  Probe  
  57  4:37  Pylon  
  59  4:45  Phoenix  
  51  4:56  Probe  
  51  4:57  Probe  
  49  5:09  Probe x2  
  53  5:18  Twilight Council  
  53  5:19  Assimilator  
  53  5:20  Pylon, Assimilator  
Tags
 
Add a new tag
Caveats
  • Supply blocks, unpowered buildings, or Contaminate may cause inaccurate times.
  • Supply counts are checked every 10 seconds.